 Dungeon Crawl Stone Soup version 0.29.0-4-gdea44cf6ec (webtiles) character file.

Game seed: 7930389858581005580

49 qw the Chopper (level 3, -14/21 HPs)
             Began as a Tengu Warper on Aug 28, 2022.
             Demolished by an ogre
             ... wielding a +0 giant club
              (21 damage)
             ... on level 2 of the Dungeon.
             The game lasted 00:00:07 (1563 turns).

qw the Chopper (Tengu Warper)                       Turns: 1563, Time: 00:00:08

Health: -14/21     AC:  6    Str: 13    XL:     3   Next: 77%
Magic:  7/7        EV:  9    Int: 13    God:
Gold:   40         SH:  0    Dex: 13    Spells: 6/6 levels left

rFire   . . .      SeeInvis .   Y - +0 hand axe
rCold   . . .      Faith    .   (no shield)
rNeg    . . .      Spirit   .   j - +0 scale mail
rPois   .          Reflect  .   (helmet restricted)
rElec   .          Harm     .   (no cloak)
rCorr   .          Rampage  .   (no gloves)
Will    .....                   (boots unavailable)
Stlth   ..........              (no amulet)
HPRegen 0.07/turn               (no ring)
MPRegen 0.10/turn               (no ring)

@: no status effects
A: beak, talons 3
a: no special abilities


You were on level 2 of the Dungeon.
You visited 1 branch of the dungeon, and saw 2 of its levels.

You collected 40 gold pieces.


Innate Abilities, Weirdness & Mutations

You have a beak for a mouth.
You have claws for feet.


   Skills:
 - Level 2.0 Fighting
 + Level 4.4 Axes
 - Level 1.0 Throwing
 - Level 1.1 Armour
 - Level 2.1 Dodging
 - Level 2.0 Spellcasting
 - Level 2.4 Translocations


You had 6 spell levels left.
You didn't know any spells.
Your spell library contained the following spells:

 Spells                   Type           Power      Damage    Failure   Level
 Blink                    Tloc           14%        N/A       56%         2
 Gell's Gravitas          Tloc           7%         N/A       80%         3
 Lesser Beckoning         Tloc           7%         N/A       80%         3
 Teleport Other           Tloc           7%         N/A       80%         3
 Manifold Assault         Tloc           7%         N/A       100%        5

Inventory:

Hand Weapons
 a - a +0 whip
 Y - a +0 hand axe (weapon)
Armour
 j - a +0 scale mail (worn)
Jewellery
 e - an amulet of faith
Scrolls
 b - a scroll of magic mapping {unknown}
 c - a scroll of noise {unknown}
Potions
 d - a potion of brilliance {unknown}
 f - a potion of curing {unknown}
 h - 2 potions of magic {unknown}
 i - a potion of heal wounds {unknown}
 l - a potion of haste {unknown}

Dungeon Overview and Level Annotations

Branches:
Dungeon (2/15)

Altars:
Uskayaw


Message History

You feel sick.
You start resting.
You feel sick. x4
You are no longer poisoned.
HP restored.
Things that are here:
a +1 vampiric short sword; 3 stones; a frilled lizard corpse A hobgoblin comes into view.
The hobgoblin shouts!
You see here a black potion.
You hit the hobgoblin. You peck the hobgoblin.
You kill the hobgoblin!
d - a black potion
Found a robe.
h - 2 grey potions (gained 1)
You see here a hobgoblin corpse.
e - an amulet of faith You now have 40 gold pieces (gained 12).
Found a stone staircase leading down.
Enter note:
Found a scroll of amnesia.
Found a stone staircase leading down.
An ogre comes into view. It is wielding a +0 giant club.
Enter note: The ogre shouts!
An adder comes into view.
You hit the ogre.
The ogre is moderately wounded.
The ogre hits you with a +0 giant club!
Ouch! That really hurt!
You barely miss the ogre. You claw the ogre.
The ogre is moderately wounded.
You hit the ogre.
The ogre is heavily wounded.
The ogre barely misses you.
You hit the ogre. You peck the ogre.
The ogre is severely wounded.
The ogre hits you with a +0 giant club!!
Ouch! That really hurt!
You die...

######### #.......#
#.......# #.......#
########.......#######..
................@OS....>
######################..
## .# .# .#


You could see an ogre and an adder.

Vanquished Creatures
  2 adders (D:2)
  4 endoplasms (D:1)
  A giant cockroach (D:1)
  2 goblins (D:1)
  6 hobgoblins
  7 ball pythons (D:1)
  3 frilled lizards
  5 kobolds
  2 rats (D:1)
32 creatures vanquished.

Notes
Turn   | Place    | Note
-------+----------+-------------------------------------------
     0 | D:1      | qw the Tengu Warper began the quest for the Orb.
     0 | D:1      | Reached XP level 1. HP: 12/12 MP: 4/4
     0 | D:1      | 0 ||| qw: Version: 0.1-a-89-g26bdef1
     0 | D:1      | 0 ||| qw: Game counter: 1845
     0 | D:1      | 0 ||| qw: Always use a shield: true
     0 | D:1      | 0 ||| qw: God list: Okawaru
     0 | D:1      | 0 ||| qw: Allow faded altars: false
     0 | D:1      | 0 ||| qw: Do Orc after D:15 true
     0 | D:1      | 0 ||| qw: Do second Lair branch before Depths: true
     0 | D:1      | 0 ||| qw: Lair rune preference: random
     0 | D:1      | 0 ||| qw: Plans: Normal
     0 | D:1      | 0 ||| PLANNING D:1-11
   165 | D:1      | Reached XP level 2. HP: 17/17 MP: 6/6
   174 | D:1      | Reached skill level 3 in Axes
   427 | D:1      | Found a faded altar of an unknown god.
   800 | D:1      | 800 ||| Stepping ~*~*~tactically~*~*~ (stealth).
   865 | D:1      | Reached XP level 3. HP: 21/21 MP: 7/7
  1206 | D:1      | 1206 ||| UPGRADING to +0 scale mail.
  1216 | D:1      | 1216 ||| DROPPING +0 leather armour.
  1217 | D:1      | 1217 ||| READING 2 scrolls labelled QOL CUVUPNY.
  1218 | D:1      | 1218 ||| READING scroll labelled QEMORRIOCU.
  1219 | D:1      | 1219 ||| READING scroll labelled HAUXEQUASH.
  1220 | D:1      | 1220 ||| DROPPING scroll of vulnerability.
  1221 | D:1      | 1221 ||| DROPPING scroll of blinking.
  1279 | D:2      | 1279 ||| DROPPING +0 club.
  1297 | D:2      | Reached skill level 4 in Axes
  1298 | D:2      | Found a hide-covered altar of Uskayaw.
  1554 | D:2      | Noticed an ogre
  1563 | D:2      | Demolished by an ogre

Levels and vault maps discovered:
D:1:      lightli_arrival_farm, layout_loops_corners,
          nicolae_ecumenical_snake_handling
D:2:      layout_basic, basic_altar

Skill      XL: |  1  2  3 |
---------------+----------+-----
Axes           | 3 4 |  4.4
Fighting       | |  2.0
Throwing       | |  1.0
Armour         | |  1.1
Dodging        | |  2.1
Spellcasting   | |  2.0
Translocations | |  2.4

Action                   || total
-------------------------++-------
Melee: Hand axe          ||    65
       Peck              ||    12
       Kick              ||    13
Throw: Boomerang         ||     7
  Use: Scroll            ||     3
Armor: Leather armour    ||    13
       Scale mail        ||     5
Dodge: Dodged            ||    38

Table legend:
 A = Non-vault XP
 B = Vault XP
 C = Vault XP percentage of total XP
 D = Non-vault monster count
 E = Vault monster count
 F = Vault count percentage of total count
                 A         B        C        D         E       F
            +---------+---------+-------+---------+---------+-------
      Total |      68 |       3 |   4.2 |      30 |       2 |   6.2
            +---------+---------+-------+---------+---------+-------
        D:1 |      38 |       3 |   7.3 |      25 |       2 |   7.4
        D:2 |      30 |       0 |   0.0 |       5 |       0 |   0.0
            +---------+---------+-------+---------+---------+-------
